 Dungeon Crawl Stone Soup version 0.27-a0-1281-ge233d83751 (webtiles) character file.

Game seed: 7680419918704946450

165 Delamore the Poker (level 5, -9/41 (43) HPs)
             Began as a Formicid Fighter on June 14, 2021.
             Mangled by Crazy Yiuf (17 damage)
             ... on level 3 of the Dungeon.
             The game lasted 00:02:15 (3220 turns).

Delamore the Poker (Formicid Fighter)               Turns: 3220, Time: 00:02:16

HP:   -9/41 (43)    AC:  6    Str: 21    XL:     5   Next: 74%
MP:   5/5           EV:  8    Int:  8    God:
Gold: 138           SH:  9    Dex: 10    Spells: 4/4 levels left

rFire    . . .     SeeInvis +   a - +0 trident
rCold    . . .     Faith    .   c - +0 kite shield
rNeg     . . .     Spirit   .   b - +0 scale mail
rPois    .         Reflect  .   (helmet unavailable)
rElec    .         Harm     .   (no cloak)
rCorr    .         Rampage  .   (no gloves)
Will     .....                  (no boots)
Stlth    ..........             (no amulet)
HPRegen  0.13/turn              (no ring)
MPRegen  0.09/turn              (no ring)

@: lightly drained
A: permanent stasis, dig shafts and tunnels, antennae 3, four strong arms
a: Dig, Shaft Self


You were on level 3 of the Dungeon.
You visited 1 branch of the dungeon, and saw 3 of its levels.

You collected 138 gold pieces.

Inventory:

Hand Weapons
 a - a +0 trident (weapon)
Missiles
 h - 6 curare-tipped darts (quivered)
Armour
 b - a +0 scale mail (worn)
 c - a +0 kite shield (worn)
Scrolls
 g - a scroll of identify
 i - a scroll of vulnerability {unknown}
 k - a scroll of torment {unknown}
Potions
 d - a potion of flight
 e - a potion of degeneration
 f - a potion of cancellation
 j - a potion of mutation


   Skills:
 + Level 4.6 Fighting
 * Level 4.6 Polearms
 - Level 3.2 Armour
 - Level 3.6 Shields


You had 4 spell levels left.
You didn't know any spells.
Your spell library was empty.

Dungeon Overview and Level Annotations

Branches:
Dungeon (3/15)

Altars:
Fedhas
Vehumet

Annotations:
D:3 1 runed translucent door, Crazy Yiuf; zzzzzzzz's ghost, amateur DsCK


Innate Abilities, Weirdness & Mutations

You cannot be hasted, slowed, berserked, paralysed or teleported.
You can dig through walls and to a lower floor.
You have a pair of large antennae on your head. (SInv)
Your four strong arms can wield two-handed weapons with a shield.


Message History

An endoplasm is nearby!
You hit the endoplasm.
The endoplasm is heavily wounded.
The endoplasm hits you but does no damage.
You puncture the endoplasm!
You kill the endoplasm!
No target in view!
No target in view!
No target in view!
No target in view!
No target in view!
No target in view!
No target in view!
No target in view!
No target in view!
No target in view!
No target in view!
No target in view!
You see here a +0 dagger.
Crazy Yiuf shouts!
Crazy Yiuf whimpers, "Prologue verde toodlewoodle!"
Could not explore, unopened runed door.
Could not explore, unopened runed door.
Failed to move towards target.
You open the door. You hit Crazy Yiuf but do no damage.
You block Crazy Yiuf's attack.
You barely miss Crazy Yiuf. You block Crazy Yiuf's attack.
Crazy Yiuf hits you with a +4 quarterstaff of chaos!
You feel drained.
You closely miss Crazy Yiuf. Crazy Yiuf hits you but does no damage.
Space bends around you.
You hit Crazy Yiuf.
Crazy Yiuf is moderately wounded.
Crazy Yiuf hits you with a +4 quarterstaff of chaos!
You are electrocuted!
* * * LOW HITPOINT WARNING * * *
You hit Crazy Yiuf but do no damage.
Crazy Yiuf is moderately wounded.
Crazy Yiuf hits you with a +4 quarterstaff of chaos!
You die...

..##...# ##.#................
#.##...#######......#######......
#..................## #...#.##
.##.....############ ##.###[#
.##.....# ##..# #.#
........##♣♣♣♣♣ #..## #.##
###.........♣.♣♣♣ ### #.## #..#
#####....).♣..♣#...# ### ##.#
######.)....♣♣♣♣@g...# ########.#
...........♣♣ ♣♣#..)# #....#....
######..##♣♣ ### ####.#.... #
###..# #......... # ##....#
#.#)##.... # #..######
########...)#.... # #.## #<.#
###..##....##.#.... #.# #..#
##.......#####.†#### #.# #..#
#..##.#### ##.####


You could see Crazy Yiuf.

Vanquished Creatures
  A hound (D:3)
  An orc wizard (D:3)
  Robin (D:3)
  2 adders
  A worm (D:2)
  2 dart slugs
  4 orcs (D:3)
  6 endoplasms
  A giant cockroach (D:3)
  8 goblins
  7 hobgoblins
  8 jackals (D:2)
  5 kobolds
  3 quokkas
  4 ball pythons
  5 bats
  5 frilled lizards
  2 rats
66 creatures vanquished.

Notes
Turn   | Place    | Note
-------+----------+-------------------------------------------
     0 | D:1      | Delamore the Formicid Fighter began the quest for the Orb.
     0 | D:1      | Reached XP level 1. HP: 18/18 MP: 1/1
   153 | D:1      | Reached XP level 2. HP: 24/24 MP: 2/2
   625 | D:1      | Reached XP level 3. HP: 26/30 MP: 3/3
  1411 | D:2      | Found a faded altar of an unknown god.
  1421 | D:2      | Reached XP level 4. HP: 32/37 MP: 4/4
  1843 | D:2      | Found a radiant altar of Vehumet.
  2137 | D:3      | Reached XP level 5. HP: 26/42 MP: 5/5
  2295 | D:3      | Found a runed translucent door.
  2297 | D:3      | Noticed a bullfrog
  2298 | D:3      | Noticed zzzzzzzz's ghost (amateur DsCK)
  2492 | D:3      | Noticed Robin
  2504 | D:3      | Killed Robin
  2825 | D:3      | Found a runed translucent door.
  2826 | D:3      | Noticed Crazy Yiuf
  3009 | D:3      | Found a blossoming altar of Fedhas.
  3220 | D:3      | Mangled by Crazy Yiuf

Illustrated notes

Levels and vault maps discovered:
D:1:      lemuel_arrival_lava_pool, layout_loops_ring, minmay_tromino_i2
D:2:      layout_loops_ring, ebering_ecumenical_altar_ruins, basic_altar,
          minmay_misc_feat_alley, minmay_cupped
D:3:      layout_rooms, amcnicky_altar_gilded, ebering_ghost_sewer_d,
          uniq_crazy_yiuf_cottage, uniq_robin

Skill      XL: |  1  2  3  4 |
---------------+-------------+-----
Polearms       | 3 4 |  4.6
Fighting       | 4 |  4.6
Armour         | |  3.2
Shields        | |  3.6

Action                   |  1- 3 |  4- 6 || total
-------------------------+-------+-------++-------
Melee: Trident           |   107 |   125 ||   232
 Abil: Dig               |       |     3 ||     3
  Use: Scroll            |     2 |     4 ||     6
       Potion            |     1 |       ||     1
Armor: Scale mail        |    45 |    42 ||    87
Dodge: Dodged            |    39 |    40 ||    79
Block: Kite shield       |    60 |    53 ||   113

Table legend: (Time is in decaauts)
 A = Elapsed time spent in this place.
 B = Non-inter-level travel time spent in this place.
 C = Inter-level travel time spent in this place.
 D = Time resting spent in this place.
 E = Time spent auto-exploring this place.
 F = Levels seen in this place.
 G = Mean time per level.
                   A        B        C        D        E       F      G
               +--------+--------+--------+--------+--------+-----+--------+
         Total |   3293 |   3220 |     73 |    761 |   1972 |   3 | 1097.7 |
       Dungeon |   3293 |   3220 |     73 |    761 |   1972 |   3 | 1097.7 |
               +--------+--------+--------+--------+--------+-----+--------+

Top non-repeatable levels by time:
     D:3: 1172 daAuts
     D:1: 1131 daAuts
     D:2: 988 daAuts
